 Seeded DCSS version 0.29-a0-555-g3b24f45cc1 (webtiles) character file.

Game seed: 5197682552777129174 (custom seed)

12997 happo123 the Jinx (level 11, -1/64 HPs)
             Began as a Vampire Enchanter on June 7, 2022.
             Was a Priest of Wu Jian.
             Slain by a death yak (21 damage)
             ... in an ice cave.
             The game lasted 00:57:55 (9501 turns).

happo123 the Jinx (Vampire Enchanter)               Turns: 9501, Time: 00:57:55

Health: -1/64      AC: 10    Str:  7    XL:     11   Next: 69%
Magic:  15/20      EV: 15    Int: 23    God:    Wu Jian [***...]
Gold:   1306       SH:  0    Dex: 20    Spells: 3/22 levels left

rFire   + . .      SeeInvis +   P - +2 rapier of Dadugac {freeze, rF+}
rCold   + + .      Faith    .   f - orb {guile}
rNeg    + + +      Spirit   .   g - +0 acid dragon scales
rPois   ∞          Reflect  .   q - +0 helmet
rElec   .          Harm     .   (no cloak)
rCorr   +          Rampage  .   j - +0 pair of gloves
Will    .....                   G - +0 pair of boots
Stlth   +++++++...              h - amulet of magic regeneration
HPRegen 0.00/turn               K - ring of willpower
MPRegen 0.57/turn               A - +6 ring of dexterity

@: confusing by touch, bloodless, inhibited regen
A: bloodless, fangs 3, see invisible, vampiric 2
a: Bat Form, Revivify, Renounce Religion, Wall Jump, Serpent's Lash


You were in an ice cave.
You worshipped Wu Jian.
Wu Jian was most pleased with you.
You visited 2 branches of the dungeon, and saw 12 of its levels.
You also visited: Ice Cave.

You collected 1306 gold pieces.

Inventory:

Hand Weapons
 x - a +0 hand crossbow
 D - a +2 vampiric dagger
 E - a +3 dagger of venom
 P - the +2 rapier of Dadugac (weapon) {freeze, rF+}
   (You found it on level 7 of the Dungeon)

   It freezes those it strikes, dealing additional cold damage.
   It can also slow down cold-blooded creatures.
   rF:        It protects you from fire.
Armour
 f - an orb of guile (worn)
 g - +0 acid dragon scales (worn)
 j - a +0 pair of gloves (worn)
 q - a +0 helmet (worn)
 G - a +0 pair of boots (worn)
Jewellery
 h - an amulet of magic regeneration (around neck)
 l - a ring of flight
 A - a +6 ring of dexterity (right hand)
 K - a ring of willpower (left hand)
 O - an amulet of the acrobat
 S - a ring of fire
Wands
 r - a wand of charming (8)
 C - a wand of iceblast (23)
 J - a wand of mindburst (16)
 W - a wand of flame (12)
Scrolls
 d - 7 scrolls of teleportation {unknown}
 k - a scroll of blinking {unknown}
 n - 2 scrolls of enchant weapon {unknown}
 u - 4 scrolls of vulnerability
 v - 2 scrolls of enchant armour
 y - 2 scrolls of fear
 z - 4 scrolls of fog
 I - a scroll of immolation {unknown}
 L - 3 scrolls of summoning
 M - a scroll of brand weapon
 N - a scroll of magic mapping
 Q - 2 scrolls of amnesia
 X - 2 scrolls of identify
Potions
 a - 2 potions of berserk rage {unknown}
 c - 3 potions of invisibility
 e - 2 potions of flight {unknown}
 i - 5 potions of heal wounds {unknown}
 m - a potion of resistance {unknown}
 o - 2 potions of lignification {unknown}
 s - 3 potions of curing
 t - 2 potions of degeneration {unknown}
 w - a potion of might {unknown}
 B - 4 potions of haste {unknown}
 F - 2 potions of magic
 H - a potion of cancellation {unknown}
 T - a potion of brilliance {unknown}
 V - a potion of ambrosia {unknown}


   Skills:
 + Level 5.7 Fighting
 + Level 7.1 Short Blades
 + Level 4.2 Armour
 + Level 7.5 Dodging
 + Level 11.0 Stealth
 + Level 6.3 Spellcasting
 * Level 13.6 Hexes
 - Level 6.0 Ice Magic


You had 3 spell levels left.
You knew the following spells:

 Your Spells              Type           Power      Damage    Failure   Level
a - Ensorcelled Hibernat  Hex/Ice        100%       N/A       1%          2
b - Confusing Touch       Hex            63%        N/A       1%          3
c - Tukima's Dance        Hex            63%        N/A       1%          3
d - Dazzling Flash        Conj/Hex       76%        N/A       2%          3
e - Ozocubu's Armour      Ice            34%        N/A       3%          3
f - Metabolic Englaciati  Hex/Ice        25%        N/A       8%          5

Your spell library contained the following spells:

 Spells                   Type           Power      Damage    Failure   Level
 Freeze                   Ice            100%       1d11      1%          1
 Beastly Appendage        Tmut           14%        N/A       16%         1
 Wereblood                Tmut           7%         N/A       22%         2
 Gell's Gravitas          Tloc           7%         N/A       41%         3
 Spider Form              Tmut/Pois      7%         N/A       41%         3
 Teleport Other           Tloc           7%         N/A       41%         3
 Ice Form                 Ice/Tmut       21%        N/A       41%         4
 Freezing Cloud           Conj/Ice/Air   8%         6-21      88%         5
 Dispersal                Tloc           3%         N/A       100%        6
 Ozocubu's Refrigeration  Ice            17%        4d8       100%        7


Dungeon Overview and Level Annotations

Branches:
Dungeon (11/15)            Temple (1/1) D:7            Lair (0/6) D:10
    Orc (0/2) D:10          IceCv (1/1)

Altars:
Ashenzari
Dithmenos
Elyvilon
Fedhas
Gozag
Hepliaklqana
Kikubaaqudgha
Makhleb
Nemelex Xobeh
Okawaru
Qazlal
Ru
Sif Muna
Uskayaw
Vehumet
Wu Jian
Xom
Yredelemnul
Zin
The Shining One

Shops:
D:2 =   D:6 =


Innate Abilities, Weirdness & Mutations

You do not regenerate when monsters are visible.
You are frail without blood (-20% HP).
You can heal yourself when you bite living creatures.
You are immune to poison.
You have razor-sharp teeth.
You have supernaturally acute eyesight. (SInv)
You are afflicted with vampirism and can become a bat while bloodless.


Message History

The death yak gores you but does no damage.
The yak attacks as you move away! The yak barely misses you.
Aiming: Ensorcelled Hibernation (safe; 1% risk of failure)
Press: ? - help, Q - select action, (/) - cycle Shift-Dir - straight line, f - yak
Aim: a yak (chance to affect: 84%)
The yak looks drowsy...
The helpless yak fails to defend itself.
You bite the yak, and draw its blood!
You feel better.
You spit the yak like a pig!!! You freeze the yak.
You kill the yak!
The Council accepts your kill.
You lunge at the death yak.
You puncture the death yak! You freeze the death yak.
The death yak is lightly wounded.
The yak gores you but does no damage. The death yak closely misses you.
You see here a yak corpse.
Aiming: Ensorcelled Hibernation (safe; 1% risk of failure)
Press: ? - help, Q - select action, (/) - cycle Shift-Dir - straight line, f - death yak
Aim: a death yak (lightly wounded, chance to affect: 71%)
The death yak looks drowsy...
The yak gores you!
The helpless death yak fails to defend itself.
You bite the death yak, and draw its blood!
You feel better.
You spit the death yak like a pig!!! You freeze the death yak!
Your bite misses the death yak.
The death yak is almost dead.
The yak gores you! The death yak gores you.
You hit the death yak but do no damage.
The death yak is almost dead.
The yak gores you! The death yak closely misses you.
Casting: Ensorcelled Hibernation (safe; 1% risk of failure)
Confirm with . or Enter, or press ? or * to list all spells.
Your hands begin to glow red.
The death yak gores you!
You hit the death yak but do no damage.
The death yak appears confused.
The death yak is almost dead.
The death yak gores you!
Casting: Confusing Touch (safe; 1% risk of failure)
Confirm with . or Enter, or press ? or * to list all spells.
Your hands begin to glow red.
The death yak gores you!!
You die...

##...... ###.......
##.....###. ###.....##...
##.......#.[..
#........##[..
##........##)) ######
##........###
###YY@.######.........
#..kY#...####.........
#.....####....#...#######
...## ####...### ## #####


You could see 2 death yaks, a yak and a rime drake.

Vanquished Creatures
  A frost giant (IceCv)
  2 death yaks (IceCv)
  A two-headed ogre (D:8)
  Maggie (D:6)
  4 rime drakes
  3 polar bears (IceCv)
  2 vampires (D:9)
  3 wraiths (D:9)
  A wyvern (D:10)
  13 yaks
  2 humans (D:10)
  2 steam dragons
  The ghost of nobbins the Gusty, an amateur DrAE of Cheibriados (D:3)
  Duvessa (D:4)
  A water moccasin (D:8)
  An orc warrior (D:7)
  3 centaurs
  5 ice beasts
  A sky beast (D:7)
  An ogre (D:6)
  5 wolves (IceCv)
  4 kobold brigands
  3 necrophages
  3 bullfrogs
  2 gnoll sergeants (D:10)
  3 scorpions
  Dowan (D:4)
  3 jellies
  6 orc priests
  2 hounds
  A gnoll shaman (D:6)
  Ijyb (D:4)
  4 iguanas
  10 orc wizards
  A scorpion zombie (D:3)
  Robin (D:3)
  12 gnolls
  7 adders
  3 worms
  2 dart slugs
  28 orcs
  2 ball pythons (D:4)
  7 endoplasms
  2 giant cockroaches
  11 goblins
  6 hobgoblins
  4 jackals (D:3)
  2 quokkas
  A ball python zombie (D:3)
  4 frilled lizards
  25 kobolds
  A quokka zombie (D:3)
  3 rats
219 creatures vanquished.

Vanquished Creatures (collateral kills)
  A death yak (IceCv)
  A rime drake (IceCv)
  A polar bear (IceCv)
  2 orc warriors
  A gnoll sergeant (D:7)
  9 gnolls
15 creatures vanquished.

Vanquished Creatures (others)
  A dancing weapon (D:6)
  3 plants (D:5)
4 creatures vanquished.

Grand Total: 238 creatures vanquished

Notes
Turn   | Place    | Note
-------+----------+-------------------------------------------
     0 | D:1      | happo123 the Vampire Enchanter began the quest for the Orb.
     0 | D:1      | Reached XP level 1. HP: 13/13 MP: 3/3
   812 | D:2      | Reached XP level 2. HP: 15/15 MP: 5/5
   939 | D:2      | Found Joajunuw's Jewellery Shoppe.
   955 | D:2      | Learned a level 2 spell: Ensorcelled Hibernation
  1173 | D:2      | Reached skill level 5 in Hexes
  1386 | D:2      | Gained mutation: You are afflicted with vampirism and can
                  | become a bat while bloodless. [Vampire growth]
  1386 | D:2      | Reached XP level 3. HP: 20/20 MP: 6/6
  1390 | D:2      | Learned a level 3 spell: Confusing Touch
  1663 | D:3      | Found a radiant altar of Vehumet.
  1733 | D:3      | Noticed Robin
  1745 | D:3      | Killed Robin
  1746 | D:3      | Reached skill level 5 in Stealth
  1767 | D:3      | Reached XP level 4. HP: 7/24 MP: 3/7
  1944 | D:3      | Reached skill level 1 in Fighting
  1949 | D:3      | Found a runed translucent door.
  1959 | D:3      | Noticed nobbins's ghost (amateur DrAE)
  1999 | D:3      | Killed nobbins's ghost
  2000 | D:3      | Reached skill level 6 in Hexes
  2000 | D:3      | Reached skill level 1 in Ice Magic
  2000 | D:3      | Reached XP level 5. HP: 11/29 MP: 6/8
  2004 | D:3      | Learned a level 3 spell: Tukima's Dance
  2483 | D:3      | Found a basalt altar of Yredelemnul.
  2606 | D:3      | Found a faded altar of an unknown god.
  3063 | D:4      | Reached XP level 6. HP: 34/34 MP: 10/10
  3483 | D:4      | Noticed Ijyb
  3490 | D:4      | Killed Ijyb
  3556 | D:4      | Noticed Dowan
  3561 | D:4      | Noticed Duvessa
  3568 | D:4      | Killed Dowan
  3569 | D:4      | Reached skill level 7 in Hexes
  3589 | D:4      | Killed Duvessa
  3590 | D:4      | Reached XP level 7. HP: 33/40 MP: 11/11
  3857 | D:5      | Entered Level 5 of the Dungeon
  4074 | D:5      | Found a shimmering altar of Xom.
  4082 | D:5      | Reached skill level 8 in Hexes
  4134 | D:5      | Reached XP level 8. HP: 45/45 MP: 13/13
  4435 | D:5      | Found an iron altar of Okawaru.
  4658 | D:6      | Noticed Maggie
  4666 | D:6      | Killed Maggie
  4667 | D:6      | Reached skill level 9 in Hexes
  4724 | D:6      | Found Qaost's Jewellery Shoppe.
  4818 | D:6      | Learned a level 3 spell: Dazzling Flash
  4910 | D:6      | Reached skill level 5 in Dodging
  5002 | D:6      | Reached XP level 9. HP: 51/51 MP: 9/15
  5123 | D:7      | Found an ornate altar of the Wu Jian Council.
  5128 | D:7      | Became a worshipper of the Wu Jian Council
  5146 | D:7      | Reached skill level 1 in Armour
  5165 | D:7      | You fall into a shaft and drop 3 floors!
  5165 | D:10     | Entered Level 10 of the Dungeon
  5244 | D:9      | Reached skill level 10 in Hexes
  5264 | D:9      | Reached skill level 5 in Short Blades
  5294 | D:9      | Reached * piety under Wu Jian
  5673 | D:7      | Reached skill level 11 in Hexes
  5685 | D:7      | Reached XP level 10. HP: 58/58 MP: 13/17
  5723 | D:7      | Reached skill level 5 in Spellcasting
  5780 | D:7      | Reached ** piety under Wu Jian
  6007 | D:7      | Found a broken altar of Ashenzari.
  6013 | D:7      | Identified the +2 rapier of Dadugac {freeze, rF+}
  6068 | D:7      | Found a staircase to the Ecumenical Temple.
  6075 | Temple   | Entered the Ecumenical Temple
  6314 | D:7      | Found an ornate altar of the Wu Jian Council.
  6593 | D:8      | Noticed a two-headed ogre
  6596 | D:8      | Killed a two-headed ogre
  7153 | D:9      | Reached skill level 5 in Ice Magic
  7329 | D:9      | Found a sparkling altar of Nemelex Xobeh.
  7431 | D:9      | Found a shadowy altar of Dithmenos.
  8027 | D:10     | Reached skill level 12 in Hexes
  8176 | D:10     | Found a staircase to the Orcish Mines.
  8427 | D:10     | Reached skill level 5 in Fighting
  8741 | D:10     | Found a staircase to the Lair.
  9032 | D:10     | Identified a scroll of acquirement
  9032 | D:10     | Acquired 711 gold pieces
  9066 | D:11     | Found a frozen archway.
  9069 | D:11     | Reached skill level 10 in Stealth
  9073 | IceCv    | Entered an ice cave
  9088 | IceCv    | Reached XP level 11. HP: 63/63 MP: 16/19
  9170 | IceCv    | Reached *** piety under Wu Jian
  9213 | IceCv    | Noticed a death yak
  9215 | IceCv    | Noticed a death yak
  9224 | IceCv    | Killed a death yak
  9229 | IceCv    | Killed a death yak
  9230 | IceCv    | Reached skill level 13 in Hexes
  9387 | IceCv    | Got the Incunabulum of Snow
  9390 | IceCv    | Got the Reference Book on the Snowflakes
  9398 | IceCv    | Learned a level 3 spell: Ozocubu's Armour
  9404 | IceCv    | Learned a level 5 spell: Metabolic Englaciation
  9410 | IceCv    | Noticed a death yak
  9411 | IceCv    | Noticed a frost giant
  9438 | IceCv    | Killed a death yak
  9440 | IceCv    | Killed a frost giant
  9486 | IceCv    | Noticed a death yak
  9487 | IceCv    | Noticed a death yak
  9501 | IceCv    | Slain by a death yak

Illustrated notes

Levels and vault maps discovered:
D:1:      dpeg_arrival_oval, layout_basic, chequers_serial_rivers_micro_c
D:2:      layout_basic, serial_shops,
          nicolae_shop_temple_entry_statues_fountains
D:3:      layout_basic, nicolae_vehumet_radiance,
          nicolae_yredelemnul_corpse_copse, ebering_ghost_reflecting_pool,
          dreamdust_ecumenical_altar_angels_and_demons,
          minmay_stone_trees_medium, uniq_robin
D:4:      layout_gridville, uniq_duvessa, uniq_ijyb
D:5:      layout_cave_pools, mainiacjoe_overflow_boulevard,
          kennysheep_okawaru_gauntlet
D:6:      layout_rooms, nicolae_overflow_hidden_temple, serial_shops,
          nicolae_square_shop, uniq_maggie
D:7:      layout_rooms, dreamdust_divine_triumvirate,
          lemuel_coloured_pillars_altar, minmay_temple_entry_butterflies,
          kennysheep_minor_cross, hangedman_feature_mirror
D:8:      layout_basic
D:9:      layout_loops_ring, nemelex_spade_bored_becter, lemuel_round_altar
D:10:     nicolae_cairo_tiling, layout_layer_cave, minmay_ruffians
D:11:     layout_cave_pods, serial_ice, serial_ice_m, serial_ice_c,
          serial_ice_n, serial_ice_f, portal_ice_cave_rime, uniq_josephine
Temple:   jpeg_temple_alley_garden
IceCv:    ice_cave_small_giant

Skill      XL: |  1  2  3  4  5  6  7  8  9 10 11 |
---------------+----------------------------------+-----
Hexes          | 5 6 7 8 9 11 12 13 | 13.6
Stealth        | 5 6 7 8 10 11 | 11.0
Fighting       | 1 2 3 4 5 |  5.7
Short Blades   | 2 3 4 5 6 7 |  7.1
Dodging        | 3 4 5 6 7 |  7.5
Ice Magic      | 1 2 3 4 5 6 |  6.0
Spellcasting   | 3 4 5 6 |  6.3
Armour         | 2 3 4 |  4.2

Action                   |  1- 3 |  4- 6 |  7- 9 | 10-12 || total
-------------------------+-------+-------+-------+-------++-------
Melee: Dagger            |    56 |   101 |   206 |    39 ||   402
       Bite              |     1 |     9 |    21 |    20 ||    51
       Rapier            |       |       |       |   133 ||   133
 Cast: Ensorcelled Hiber |    18 |    12 |    75 |    37 ||   142
       Confusing Touch   |       |     9 |     8 |    13 ||    30
       Tukima's Dance    |       |     1 |     7 |     3 ||    11
       Dazzling Flash    |       |       |       |     3 ||     3
Invok: Lunge             |       |       |    15 |    24 ||    39
       Whirlwind         |       |       |    11 |    41 ||    52
 Abil: Exsanguinate      |     1 |       |       |       ||     1
       End Transformatio |       |       |     1 |       ||     1
       Bat Form          |       |       |     1 |       ||     1
  Use: Scroll            |       |       |     8 |     5 ||    13
 Stab: Sleeping          |    22 |    26 |    64 |    40 ||   152
       Confused          |       |     9 |    10 |    15 ||    34
       Distracted        |       |       |     2 |       ||     2
       Invisible         |       |       |       |     2 ||     2
Armor: Robe              |    13 |     5 |    17 |       ||    35
       Acid dragon scale |       |       |    45 |    43 ||    88
Dodge: Dodged            |    26 |    31 |   133 |    93 ||   283

Table legend: (Time is in decaauts)
 A = Elapsed time spent in this place.
 B = Non-inter-level travel time spent in this place.
 C = Inter-level travel time spent in this place.
 D = Time resting spent in this place.
 E = Time spent auto-exploring this place.
 F = Levels seen in this place.
 G = Mean time per level.
                   A        B        C        D        E       F      G
               +--------+--------+--------+--------+--------+-----+--------+
         Total |   9408 |   8415 |    993 |    219 |   6334 |  13 |  723.7 |
       Dungeon |   8764 |   7827 |    937 |     95 |   6169 |  11 |  796.7 |
        Temple |    225 |    169 |     56 |      0 |    165 |   1 |  225.0 |
      Ice Cave |    418 |    418 |      0 |    124 |      0 |   1 |  418.0 |
               +--------+--------+--------+--------+--------+-----+--------+

Top non-repeatable levels by time:
     D:3: 1250 daAuts
     D:2: 1200 daAuts
    D:10: 1122 daAuts
     D:9: 954 daAuts
     D:8: 936 daAuts
     D:4: 906 daAuts
     D:5: 750 daAuts
     D:7: 618 daAuts
     D:1: 502 daAuts
     D:6: 486 daAuts
   IceCv: 418 daAuts
  Temple: 225 daAuts
    D:11: 35 daAuts
